 Dungeon Crawl Stone Soup version 0.21-a0-509-gecc5317 (webtiles) character file.

329 tof the Slasher (level 6, -1/48 HPs)
             Began as a Demonspawn Monk on Nov 29, 2017.
             Slain by an iguana (2 damage)
             ... on level 5 of the Dungeon.
             The game lasted 00:07:19 (4183 turns).

tof the Slasher (Demonspawn Monk)                   Turns: 4183, Time: 00:07:20

Health: -1/48      AC:  5    Str: 11    XL:     6   Next: 25%
Magic:  6/6        EV: 11    Int: 11    God:
Gold:   182        SH:  0    Dex: 18    Spells: 4/5 levels left

rFire    . . .     SeeInvis .   a - +0 falchion
rCold    . . .     Gourm    .   (no shield)
rNeg     . . .     Faith    .   l - +0 ring mail
rPois    .         Spirit   .   (no helmet)
rElec    .         Reflect  .   (no cloak)
rCorr    .         Harm     .   (no gloves)
MR       .....                  (no boots)
Stlth    +++.......             (no amulet)
HPRegen  0.16/turn              g - ring of wizardry
MPRegen  0.10/turn              (no ring)

@: flying, drained
A: nightstalker 1, spiny 2
a: no special abilities


You were on level 5 of the Dungeon.
You were not hungry.

You visited 1 branch of the dungeon, and saw 5 of its levels.

You collected 182 gold pieces.

Inventory:

Hand Weapons
 a - a +0 falchion (weapon)
 b - a +0 blowgun
Missiles
 i - a throwing net (quivered)
 q - 3 poisoned needles
Armour
 l - a +0 ring mail (worn)
Jewellery
 g - a ring of wizardry (left hand)
Wands
 o - a wand of iceblast (6)
Scrolls
 e - 7 scrolls of remove curse
 f - a scroll of enchant armour {unknown}
 n - a scroll of amnesia
 p - a scroll of teleportation
Potions
 d - a potion of invisibility
 m - a potion of cancellation
 r - a potion of curing {unknown}
 s - a potion of ambrosia {unknown}
 u - a potion of mutation {unknown}
 v - a potion of flight
 w - a potion of heal wounds {unknown}
Books
 t - a book of Maledictions

   Spells                             Type                      Level
   a - Corona                         Hexes                        1
   b - Ensorcelled Hibernation        Hexes/Ice                    2
   c - Confuse                        Hexes                        3
   d - Tukima's Dance                 Hexes                        3
   e - Dazzling Spray                 Conjuration/Hexes            3
Comestibles
 c - a bread ration
 h - 3 fruits
 j - 2 royal jellies
 k - a chunk of flesh


   Skills:
 + Level 4.0(3.3) Fighting
 * Level 4.4(3.7) Long Blades
 + Level 1.3(0.7) Throwing
 + Level 3.5(2.8) Dodging
 + Level 3.2(2.5) Stealth


You had 4 spell levels left.
You knew the following spells:

 Your Spells              Type           Power        Failure   Level  Hunger
a - Corona                Hex            #......      32%         1    ##.....


Dungeon Overview and Level Annotations

Branches:
Dungeon (5/15)
 Temple: D:4-7

Altars:
Cheibriados
Makhleb
Qazlal
Ru
Zin

Annotations:
D:4 Grinder


Innate Abilities, Weirdness & Mutations

You are slightly more attuned to the shadows.
You are mostly covered in sharp spines.


Message History

The iguana bites you!
You hit the iguana but do no damage.
The iguana is severely wounded.
The iguana bites you.
* * * LOW HITPOINT WARNING * * *
You closely miss the iguana.
The iguana is severely wounded.
The iguana misses you.
You closely miss the iguana.
The iguana is severely wounded.
The iguana bites you.
* * * LOW HITPOINT WARNING * * *
You hit the iguana but do no damage.
The iguana is severely wounded.
The iguana is struck by your spines. The iguana bites you!
* * * LOW HITPOINT WARNING * * *
It was a potion of flight.
You feel very buoyant.
You fly up into the air.
The iguana bites you.
You die...

######## .#
#...<..#
....###@######
......l#...#
....###.####
.# #.# #.# #.#
#.# ..#


You could see an iguana.

Vanquished Creatures
  An ogre (D:4)
  A centaur skeleton (D:4)
  An orc wizard (D:3)
  A worker ant (D:5)
  8 adders
  An ooze (D:4)
  An adder skeleton (D:4)
  2 worms (D:2)
  5 dart slugs
  A leopard gecko (D:3)
  2 orcs (D:3)
  6 giant cockroaches
  6 hobgoblins
  4 jackals (D:2)
  A quokka (D:2)
  A ball python (D:2)
  6 bats
  8 frilled lizards
  3 goblins
  13 kobolds
  7 rats
79 creatures vanquished.

Notes
Turn   | Place    | Note
-------+----------+-------------------------------------------
     0 | D:1      | tof the Demonspawn Monk began the quest for the Orb.
     0 | D:1      | Reached XP level 1. HP: 18/18 MP: 1/1
   300 | D:1      | Gained mutation: You are partially covered in sharp spines. [demonic ancestry]
   300 | D:1      | Reached XP level 2. HP: 23/24 MP: 2/2
  1201 | D:2      | Gained mutation: You are mostly covered in sharp spines. [demonic ancestry]
  1201 | D:2      | Reached XP level 3. HP: 29/29 MP: 3/3
  1835 | D:2      | Reached XP level 4. HP: 35/35 MP: 4/4
  1877 | D:2      | Found a burning altar of Makhleb.
  1878 | D:2      | Found a glowing silver altar of Zin.
  1878 | D:2      | Noticed an angel
  1879 | D:2      | Noticed a green death
  2440 | D:3      | Found a sacrificial altar of Ru.
  2765 | D:3      | Learned a level 1 spell: Corona
  2826 | D:3      | Found a stormy altar of Qazlal.
  2826 | D:3      | Noticed a fire elemental
  2826 | D:3      | Noticed an air elemental
  2826 | D:3      | Noticed an earth elemental
  2826 | D:3      | Noticed a water elemental
  2845 | D:3      | Gained mutation: You are slightly more attuned to the shadows. [demonic ancestry]
  2845 | D:3      | Reached XP level 5. HP: 29/42 MP: 3/5
  3353 | D:4      | Noticed an ogre
  3358 | D:4      | Killed an ogre
  3358 | D:4      | Reached skill level 1 in Throwing
  3462 | D:4      | Found a snail-covered altar of Cheibriados.
  3635 | D:4      | Reached XP level 6. HP: 43/48 MP: 6/6
  3686 | D:4      | Noticed Grinder
  3688 | D:4      | Paralysed by Grinder for 5 turns
  3706 | D:5      | Entered Level 5 of the Dungeon
  4182 | D:5      | HP: 1/48 [iguana (8)]
  4183 | D:5      | Slain by an iguana

Vault maps used:
D:1:      matt_arrival_los_fun, serial_glass, glass_columns_a, glass_columns_a,
          chequers_big_river, minmay_misc_feat_room
D:2:      minmay_door_path, grunt_temple_overflow_order_and_chaos_2,
          st_stairs_11, minmay_tromino_v4_c
D:3:      nicolae_ru_the_path_less_chosen, nrook_loot_triangle,
          minmay_strange_pillars, nicolae_qazlal_style_of_elements
D:4:      nicolae_overflow_quartered_altars, uniq_grinder
D:5:      lemuel_crystal_altar, tgw_sif, minmay_temple_entry_glassed_door,
          first_bread

Skill      XL: |  1  2  3  4  5 |
---------------+----------------+-----
Stealth        | 2 3 |  3.2
Long Blades    | 3 4 |  4.4
Dodging        | 3 |  3.5
Throwing       | 1 |  1.3
Fighting       | 4 |  4.0

Action                   |  1- 3 |  4- 6 || total
-------------------------+-------+-------++-------
Melee: Falchion          |    72 |   105 ||   177
 Fire: Blowgun           |       |     3 ||     3
 Cast: Corona            |       |     2 ||     2
  Use: Scroll            |       |     9 ||     9
       Potion            |       |     1 ||     1
 Stab: Sleeping          |     8 |     4 ||    12
       Distracted        |       |     1 ||     1
  Eat: Chunk             |     3 |     7 ||    10
Armor: Robe              |     3 |       ||     3
       Ring mail         |       |    17 ||    17
Dodge: Dodged            |    55 |    55 ||   110
       Rpst.: Falchion   |    17 |    19 ||    36

Table legend:
 A = Spawn XP
 B = Non-spawn XP
 C = Spawn XP percentage of total XP
 D = Spawn monster count
 E = Non-spawn monster count
 F = Spawn count percentage of total count
 G = Total turns spent on level
                    A         B        C        D         E        F      G
               +---------+---------+-------+---------+---------+-------+---------
         Total |       0 |     470 |   0.0 |       0 |      79 |   0.0 |  4183
               +---------+---------+-------+---------+---------+-------+---------
           D:1 |       0 |      34 |   0.0 |       0 |      19 |   0.0 |  1132
           D:2 |       0 |      96 |   0.0 |       0 |      29 |   0.0 |  1121
           D:3 |       0 |     119 |   0.0 |       0 |      24 |   0.0 |  1100
           D:4 |       0 |     176 |   0.0 |       0 |       5 |   0.0 |   353
           D:5 |       0 |      45 |   0.0 |       0 |       2 |   0.0 |   477
               +---------+---------+-------+---------+---------+-------+---------
